AoeStats
← bani4bani

Arabia

510141770Analyzed
1v1 RM · 3d ago on Sep 29, 2026· 49m 37s· 2 players
Game mode
Random Map
Map size
Tiny (2 player)
Population
200
Speed
Normal
Resources
Standard
Victory
Conquest
Starting age
Dark Age
Ending age
Imperial Age
RankedLock teamsTeams togetherTeam positionsShared explorationLock speedFull tech treeHidden civsTurbo modeCheats
Victory
Defeat
🇦🇷 Persians · Argentina
785
+14
🇶🇦 Lithuanians · Qatar
736
-14
bani4bani
7:01 Loom
10:07 Feudal Age
11:41 Double-Bit Axe
19:28 Castle Age
18:15 Gold Mining
19:54 Stone Mining
20:05 Town Watch
21:26 Pikeman
23:36 Bow Saw
23:09 Horse Collar
33:36 Imperial Age
31:44 Wheelbarrow
31:43 Scale Barding Armor
31:42 Padded Archer Armor
32:03 Squires
32:22 Crossbowman
34:46 Scale Mail Armor
35:22 Forging
35:49 Ballistics
35:45 Town Patrol
36:37 Bloodlines
40:33 Chemistry
40:28 Conscription
40:30 Husbandry
43:38 Two-Man Saw
43:01 Chain Mail Armor
42:40 Fletching
44:57 Light Cavalry
DANY LUGA
11:42 Feudal Age
9:57 Loom
16:08 Wheelbarrow
19:38 Castle Age
18:16 Double-Bit Axe
18:24 Horse Collar
19:30 Gold Mining
20:43 Bow Saw
21:19 Gold Shaft Mining
22:25 Stone Mining
22:37 Heavy Plow
24:28 Squires
27:50 Pikeman
29:27 Stone Shaft Mining
29:21 Town Watch
29:53 Scale Barding Armor
29:59 Forging
30:47 Hand Cart
33:03 Chain Barding Armor
33:20 Iron Casting
34:01 Arson
37:58 Imperial Age
36:10 Ballistics
35:45 Murder Holes
35:49 Fletching
36:00 Padded Archer Armor
36:22 Gambesons
35:57 Man-at-Arms
36:52 Bodkin Arrow
36:58 Scale Mail Armor
37:07 Husbandry
37:04 Long Swordsman
40:15 Chemistry
40:36 Blast Furnace
39:51 Chain Mail Armor
39:40 Halberdier
41:27 Two-Man Saw
41:05 Town Patrol
42:00 Leather Archer Armor
41:26 Onager
46:19 Heavy Scorpion
Connection lost

Rejoining the realm…

Still unreachable

The connection could not be restored.

Session expired

The server has moved on; the page needs a fresh start.